 Dungeon Crawl Stone Soup version 0.29.1-15-g9cfb28693d (webtiles) character file.

Game seed: 4141445279401127676

198 Zenx the Covert (level 5, -4/25 HPs)
             Began as a Spriggan Brigand on May 2, 2023.
             Killed by divine providence
             ... invoked by an orc priest
              (11 damage)
             ... on level 4 of the Dungeon.
             The game lasted 00:19:14 (3480 turns).

Zenx the Covert (Spriggan Brigand)                  Turns: 3480, Time: 00:19:15

Health: -4/25      AC:  4    Str:  5 (7)  XL:     5   Next: 47%
Magic:  6/6        EV: 18    Int: 12 (13) God:
Gold:   184        SH:  0    Dex: 15 (18) Spells: 4/4 levels left

rFire   . . .      SeeInvis +   f - +4 dagger (venom)
rCold   . . .      Faith    .   (no shield)
rNeg    . . .      Spirit   .   b - +0 robe
rPois   .          Reflect  .   (helmet restricted)
rElec   .          Harm     .   c - +1 cloak
rCorr   .          Rampage  .   (gloves unavailable)
Will    .....                   (boots unavailable)
Stlth   ++++......              (no amulet)
HPRegen 0.08/turn               (no ring)
MPRegen 0.10/turn               (no ring)

@: very quick
A: very small, no large weapons, unfitting armour, see invisible, speed 3
a: no special abilities


You were on level 4 of the Dungeon.
You visited 1 branch of the dungeon, and saw 4 of its levels.

You collected 184 gold pieces.

Inventory:

Hand Weapons
 a - a +2 dagger
 f - a +4 dagger of venom (weapon)
Armour
 b - a +0 robe (worn)
 c - a +1 cloak (worn)
Scrolls
 g - a scroll of vulnerability {unknown}
 i - a scroll of immolation {unknown}
Potions
 d - a potion of heal wounds
 h - a potion of degeneration


   Skills:
 - Level 1.5 Fighting
 + Level 4.3 Short Blades
 - Level 2.0 Throwing
 - Level 3.4 Dodging
 + Level 8.0 Stealth


You had 4 spell levels left.
You didn't know any spells.
Your spell library contained the following spells:

 Spells                   Type           Power      Damage    Failure   Level
 Summon Ice Beast         Ice/Summ       0%         N/A       97%         4
 Summon Mana Viper        Hex/Summ       0%         N/A       100%        5
 Monstrous Menagerie      Summ           0%         N/A       100%        7


Dungeon Overview and Level Annotations

Branches:
Dungeon (4/15)
 Temple: D:4-7

Altars:
Sif Muna

Shops:
D:4 ?

Annotations:
D:3 mrblue0's ghost, amateur HOVM
D:4 Pikel


Innate Abilities, Weirdness & Mutations

You are very small and have problems with some larger weapons.
You are too small for most types of armour.
You have supernaturally acute eyesight. (SInv)
You cover ground extremely quickly. (Speed+++)


Message History

The iguana misses you.
You hit the iguana.
The iguana looks as sick as possible!
The iguana is almost dead.
You kill the iguana!
You feel your intelligence returning.
You have reached level 5!
You feel clever.
A scorpion comes into view.
Found a potion of heal wounds.
Found a spear.
The helpless scorpion fails to defend itself.
You skewer the scorpion like a kebab!!!
You kill the scorpion!
You feel your strength returning.
You feel your intelligence returning.
Your Short Blades skill increases to level 4!
Your Stealth skill increases to level 8!
d - a potion of heal wounds You see here a +0 spear.
You barely miss the orc. The orc completely misses you.
You closely miss the orc. The orc misses you.
You closely miss the orc. You barely miss the orc.
The orc hits you with a +0 club.
You closely miss the orc. The orc barely misses you.
You barely miss the orc. You hit the orc.
The orc is moderately wounded.
You closely miss the orc.
The orc is moderately wounded.
The orc completely misses you.
You hit the orc but do no damage.
The orc is poisoned.
The orc is lightly wounded.
The orc priest shouts!
You hit the orc priest but do no damage.
The orc priest is poisoned.
The orc priest closely misses you.
The orc priest invokes the aid of Beogh against you.
Beogh smites you! The orc hits you with a +0 club.
* * * LOW HITPOINT WARNING * * *
The orc priest invokes the aid of Beogh against you.
Beogh smites you!
You die...

### ## #.###.##
##.#....#
##.).....##
#.@.....#.##
##..........#
#.#...#....##
##.##.##o#....#
#...∩o#..##.....
#..#.o...##.##..
#####......... #
#..........
##...........


You could see an orc priest (very poisoned) and an orc (very poisoned).

Vanquished Creatures
  A scorpion (D:4)
  An iguana (D:4)
  A gnoll (D:1)
  4 adders (D:2)
  2 dart slugs
  2 orcs (D:4)
  6 bats
  6 endoplasms
  3 giant cockroaches
  4 goblins (D:1)
  4 hobgoblins (D:1)
  4 jackals (D:3)
  4 quokkas
  2 ball pythons (D:1)
  4 frilled lizards (D:1)
  8 kobolds
  4 rats
60 creatures vanquished.

Notes
Turn   | Place    | Note
-------+----------+-------------------------------------------
     0 | D:1      | Zenx the Spriggan Brigand began the quest for the Orb.
     0 | D:1      | Reached XP level 1. HP: 10/10 MP: 2/2
   132 | D:1      | Reached skill level 6 in Stealth
   554 | D:1      | Reached XP level 2. HP: 14/14 MP: 3/3
  1435 | D:1      | Found a faded altar of an unknown god.
  1489 | D:1      | Reached XP level 3. HP: 18/18 MP: 4/4
  1812 | D:2      | Reached XP level 4. HP: 15/22 MP: 5/5
  2120 | D:2      | Reached skill level 7 in Stealth
  2833 | D:3      | Found a shimmering blue altar of Sif Muna.
  3035 | D:3      | Found a large runed translucent door.
  3035 | D:3      | Found a large runed translucent door.
  3036 | D:3      | Noticed mrblue0's ghost (amateur HOVM)
  3422 | D:4      | Noticed Pikel
  3428 | D:4      | Noticed a lemure
  3428 | D:4      | Noticed a lemure
  3428 | D:4      | Noticed a lemure
  3434 | D:4      | Found Hyroimint's Magic Scroll Shoppe.
  3438 | D:4      | Reached XP level 5. HP: 25/25 MP: 6/6
  3449 | D:4      | Reached skill level 8 in Stealth
  3480 | D:4      | Killed from afar by an orc priest

Illustrated notes

Levels and vault maps discovered:
D:1:      dpeg_arrival_tiny_a, layout_basic, basic_ecumenical_altar
D:2:      layout_loops_cross
D:3:      layout_loops_cross, lemuel_doored_altar, ebering_ghost_disaster_area,
          serial_bayou_crossing
D:4:      layout_cave_pools, vehumet_statue, minmay_temple_entry_trees,
          enter_ossuary_5, serial_shops, shop, portal_sewer_entry_d,
          st_stairs_7, chequers_serial_rivers_small_b, uniq_pikel

Skill      XL: |  1  2  3  4  5 |
---------------+----------------+-----
Stealth        | 6 7 8 |  8.0
Dodging        | 2 3 |  3.4
Short Blades   | 3 4 |  4.3
Fighting       | |  1.5
Throwing       | |  2.0

Action                   |  1- 3 |  4- 6 || total
-------------------------+-------+-------++-------
Melee: Dagger            |    84 |    78 ||   162
       Punch             |     1 |       ||     1
Throw: Dart              |    27 |    18 ||    45
  Use: Scroll            |       |     6 ||     6
       Potion            |       |     3 ||     3
 Stab: Sleeping          |    14 |     8 ||    22
Armor: Robe              |    10 |     7 ||    17
Dodge: Dodged            |    39 |    37 ||    76
